General information
			
			
        
        - name: BNet
 
        - type: Ladder team game (AT/RT)
 
        - host: Battle.net
 
        - saver: Murtar
 
        
map: CentaurGrove 
        - players: 4
 
        - length: 09:54
 
        - speed: Fast
 - version: 1.22 W3XP
 - replay type:  Public
 
» download(45 KB)
Players
        team 1 (winner) 
              
              
» 
Murtar (
red | 81 APM | 802 actions | 09:54)
              
 4 Demon Hunter 
 2 Mana Burn
 2 Immolation
 
                » actions 
                
                | Build / train | 39 |  | 
| ESC pressed | 2 |  | 
| Enter build submenu | 16 |  | 
| Enter hero's abilities submenu | 4 |  | 
| Right click | 457 |  | 
| Select / deselect | 225 |  | 
| Use ability | 59 |  | 
                802 total
 » units 
                » buildings
                
                | Altar of Elders | 1 |  | 
| Moon Well | 4 |  | 
| Ancient of War | 2 |  | 
| Hunter's Hall | 1 |  | 
| Ancient Protector | 6 |  | 
                14 total
 » build order
                00:17 Altar of Elders
00:32 Moon Well
00:45 Ancient of War
01:51 Moon Well
02:33 Hunter's Hall
02:36 Ancient of War
04:13 Moon Well
04:53 Ancient Protector
04:54 Ancient Protector
06:06 Ancient Protector
06:10 Ancient Protector
07:52 Moon Well
08:35 Ancient Protector
08:49 Ancient Protector
 
               
              
              
n.mushroom (
orange | 52 APM | 517 actions | 09:53)
              
 3 Blademaster 
 2 Wind Walk
 1 Critical Strike
 
                » actions 
                
                | Assign group hotkey | 10 |  | 
| Basic commands | 43 |  | 
| Build / train | 22 |  | 
| Enter build submenu | 10 |  | 
| Enter hero's abilities submenu | 3 |  | 
| Right click | 212 |  | 
| Select / deselect | 106 |  | 
| Select group hotkey | 92 |  | 
| Use ability | 19 |  | 
                517 total
 » units 
                » buildings
                
                | Altar of Storms | 1 |  | 
| Orc Burrow | 6 |  | 
| Barracks | 2 |  | 
| Voodoo Lounge | 1 |  | 
                10 total
 » build order
                00:23 Altar of Storms
00:39 Orc Burrow
01:27 Orc Burrow
01:33 Barracks
02:11 Barracks
02:31 Voodoo Lounge
05:18 Orc Burrow
05:34 Orc Burrow
06:07 Orc Burrow
06:36 Orc Burrow
 
               team 2 (loser) 
              
              
» 
JRHairUp (
yellow | 69 APM | 678 actions | 09:53)
              
 1 Death Knight 
 1 Death Coil
 
                » actions 
                
                | Assign group hotkey | 8 |  | 
| Basic commands | 2 |  | 
| Build / train | 52 |  | 
| Enter build submenu | 12 |  | 
| Enter hero's abilities submenu | 1 |  | 
| Remove unit from queue | 3 |  | 
| Right click | 329 |  | 
| Select / deselect | 234 |  | 
| Select group hotkey | 6 |  | 
| Use ability | 31 |  | 
                678 total
 » units 
                
                | Acolyte | 2 |  | 
| Crypt Fiend | 35 |  | 
| Ghoul | 7 |  | 
                44 total
 » upgrades
                
                | Creature Attack | 1 |  | 
| Creature Carapace | 1 |  | 
                2 total
 » buildings
                
                | Graveyard | 1 |  | 
| Crypt | 3 |  | 
| Ziggurat | 5 |  | 
| Altar of Darkness | 1 |  | 
                10 total
 » build order
                00:08 Graveyard
00:14 Crypt
00:33 Crypt
00:41 Ziggurat
00:58 Altar of Darkness
01:04 Ziggurat
01:26 Crypt
02:00 Ziggurat
06:15 Ziggurat
06:17 Ziggurat
 
               
              
              
» 
TIME4preSKOOL (
blue | 70 APM | 692 actions | 09:53)
              
 4 Dark Ranger 
 2 Black Arrow
 2 Silence
 
                » actions 
                
                | Assign group hotkey | 11 |  | 
| Basic commands | 46 |  | 
| Build / train | 16 |  | 
| ESC pressed | 1 |  | 
| Enter build submenu | 3 |  | 
| Enter hero's abilities submenu | 5 |  | 
| Give item / drop item | 1 |  | 
| Right click | 239 |  | 
| Select / deselect | 77 |  | 
| Select group hotkey | 274 |  | 
| Use ability | 19 |  | 
                692 total
 » units 
                » buildings
                
                | Orc Burrow | 1 |  | 
| Altar of Storms | 1 |  | 
| Voodoo Lounge | 1 |  | 
                3 total
 » build order
                00:15 Orc Burrow
00:19 Altar of Storms
08:11 Voodoo Lounge
» items
                
                | Boots of Speed | 1 |  | 
| Staff of Teleportation | 2 |  | 
                3 total
  
                Chat log
          (00:49 / All) JRHairUp: did u do second zig
(00:59 / All) Murtar: not yet hold on.
(01:06 / All) n.mushroom: HEY ARE YOU GOING FROST WYRMS CHRIS
(01:08 / All) JRHairUp: ur orc ne stfu
(01:09 / All) n.mushroom: OOOOOOOOPS
(01:23 / All) n.mushroom: gg maphack
(01:30 / All) JRHairUp: Gg ur bad?
(06:38 / All) JRHairUp: ty for the exp